 Dungeon Crawl Stone Soup version 0.28-a0-724-g66f9036eb4 (webtiles) character file.

Game seed: 13869282532199562509

7 flotson the Sneak (level 1, -1/18 HPs)
             Began as a Demonspawn Delver on Oct 26, 2021.
             Slain by an orc (2 damage)
             ... on level 3 of the Dungeon.
             The game lasted 00:00:33 (237 turns).

flotson the Sneak (Demonspawn Delver)                Turns: 237, Time: 00:00:34

Health: -1/18      AC:  3    Str: 12    XL:     1   Next: 83%
Magic:  1/1        EV: 12    Int: 11    God:
Gold:   23         SH:  0    Dex: 14    Spells: 0/0 levels left

rFire   . . .      SeeInvis .   a - +0 hand axe
rCold   . . .      Faith    .   (no shield)
rNeg    . . .      Spirit   .   b - +0 leather armour
rPois   .          Reflect  .   (no helmet)
rElec   .          Harm     .   (no cloak)
rCorr   .          Rampage  .   (no gloves)
Will    .....                   (no boots)
Stlth   ++........              (no amulet)
HPRegen 0.06/turn               (no ring)
MPRegen 0.07/turn               (no ring)

@: no status effects
A: no striking features
a: no special abilities


You were on level 3 of the Dungeon.
You visited 1 branch of the dungeon, and saw 3 of its levels.

You collected 23 gold pieces.

Inventory:

Hand Weapons
 a - a +0 hand axe (weapon)
Armour
 b - a +0 leather armour (worn)
Wands
 g - a wand of digging (3)
Scrolls
 c - a scroll of fog
 d - a scroll of magic mapping
 e - a scroll of fear
 h - a scroll of immolation {unknown}
 i - a scroll of teleportation {unknown}
Potions
 f - a potion of haste


   Skills:
 + Level 3.1 Fighting
 - Level 1.7 Axes
 + Level 0.5 Armour
 + Level 2.0 Dodging
 - Level 4.5 Stealth


You couldn't memorise any spells.
You didn't know any spells.
Your spell library was empty.

Dungeon Overview and Level Annotations

Branches:
Dungeon (5/15)
 Temple: D:4-7

Altars:
Wu Jian


Message History

You now have 23 gold pieces (gained 13).
h - a scroll labelled NUCO DAGYG
i - a scroll labelled RYOM OVAKAILUI
Found an ornate altar of the Wu Jian Council.
An orc comes into view. It is wielding a +0 mace.
The orc shouts!
You hit the orc.
The orc is moderately wounded.
The orc hits you with a +0 mace.
You hit the orc but do no damage.
The orc is moderately wounded.
The orc closely misses you. x2
You hit the orc but do no damage.
The orc is moderately wounded.
The orc hits you with a +0 mace!
You are too injured to fight recklessly!
You are too injured to fight recklessly!
You are too injured to fight recklessly!
You are too injured to fight recklessly!
You are too injured to fight recklessly!
You are too injured to fight recklessly!
You hit the orc.
The orc is severely wounded.
The orc hits you with a +0 mace.
* * * LOW HITPOINT WARNING * * *
You hit the orc but do no damage.
The orc is severely wounded.
The orc misses you.
You hit the orc but do no damage.
The orc is severely wounded.
The orc hits you with a +0 mace.
* * * LOW HITPOINT WARNING * * *
The orc misses you.
You closely miss the orc.
The orc is severely wounded.
The orc barely misses you.
You hit the orc but do no damage.
The orc is severely wounded.
The orc hits you with a +0 mace.
You die...

#.........###.#
#....>.†......#
#.........#####
#....)....#######
#>...............
####..........#.#
#.####........ #
#.# #.#######..#
#.####....@o....#
#....#.#.###.#.##
#.##.#.#... .#
#†# #.#.._..# #.#
#.#.....# #.#
#.#.###.# #.#
#.... ... #..
..### ##. ###


You could see an orc.

Vanquished Creatures
  A ball python (D:3)
  An endoplasm (D:3)
  A giant cockroach (D:3)
  A goblin (D:3)
  A frilled lizard (D:3)
  A rat (D:3)
6 creatures vanquished.

Notes
Turn   | Place    | Note
-------+----------+-------------------------------------------
     0 | D:5      | flotson the Demonspawn Delver began the quest for the Orb.
     0 | D:5      | Reached XP level 1. HP: 18/18 MP: 1/1
    24 | D:4      | Noticed an iguana
   219 | D:3      | Found an ornate altar of the Wu Jian Council.
   237 | D:3      | Slain by an orc

Illustrated notes

Levels and vault maps discovered:
D:3:      layout_loops_ring, lemuel_blue_sif_altar,
          mainiacjoe_overflow_cross_hatched, minmay_goblin_kobold_house
D:4:      layout_cave_pools
D:5:      layout_loops_ring, minmay_temple_entry_wispy, uniq_grinder, uniq_pikel

Skill      XL: |  1 |
---------------+----+-----
Dodging        | 2 |  2.0
Fighting       | |  3.1
Axes           | |  1.7
Armour         | |  0.5
Stealth        | |  4.5

Action                   || total
-------------------------++-------
Melee: Hand axe          ||    27
Armor: Leather armour    ||     4
Dodge: Dodged            ||    21

Table legend: (Time is in decaauts)
 A = Elapsed time spent in this place.
 B = Non-inter-level travel time spent in this place.
 C = Inter-level travel time spent in this place.
 D = Time resting spent in this place.
 E = Time spent auto-exploring this place.
 F = Levels seen in this place.
 G = Mean time per level.
                   A        B        C        D        E       F      G
               +--------+--------+--------+--------+--------+-----+--------+
         Total |    242 |    242 |      0 |     64 |     98 |   3 |   80.7 |
       Dungeon |    242 |    242 |      0 |     64 |     98 |   3 |   80.7 |
               +--------+--------+--------+--------+--------+-----+--------+

Top non-repeatable levels by time:
     D:3: 211 daAuts
     D:5: 19 daAuts
     D:4: 11 daAuts
